 Dungeon Crawl Stone Soup version 0.19.0-20-gbc5f0c6 (webtiles) character file.

86 Lochraine the Cudgeler (level 4, -3/28 HPs)
             Began as a Gargoyle Monk on Nov 17, 2016.
             Killed by divine providence
             ... invoked by an orc priest
              (15 damage)
             ... on level 3 of the Dungeon.
             The game lasted 00:03:35 (1639 turns).

Lochraine the Cudgeler (Gargoyle Monk)              Turns: 1639, Time: 00:03:36

Health: -3/28      AC:  6    Str: 15    XL:     4   Next: 50%
Magic:  4/4        EV: 17    Int: 11    God:
Gold:   112        SH:  0    Dex: 17    Spells: 0 memorised, 3 levels left

rFire  . . .     SeeInvis .     g - +1 whip (freeze)
rCold  . . .     Gourm    .     e - +0 leather armour
rNeg   + . .     Faith    .     (no shield)
rPois  ∞         Spirit   .     (no helmet)
rElec  +         Reflect  .     (no cloak)
rCorr  .         Harm     .     (no gloves)
MR     .....                    (no boots)
Stlth  +++.......               (no amulet)
                                (no ring)
                                (no ring)

@: agile
A: negative energy resistance 1, electricity resistance, unbreathing,
petrification resistance, rot immunity, AC +3
a: no special abilities


You were on level 3 of the Dungeon.
You were hungry.

You visited 1 branch of the dungeon, and saw 3 of its levels.

You collected 112 gold pieces.

Inventory:

Hand Weapons
 a - a +0 mace
 g - a +1 whip of freezing (weapon)
Missiles
 d - 108 stones (quivered)
Armour
 b - a +0 robe
 e - a +0 leather armour (worn)
Jewellery
 l - an uncursed amulet of regeneration {unknown}
Scrolls
 h - a scroll of teleportation {unknown}
 o - 2 scrolls of enchant weapon {unknown}
Potions
 i - a potion of agility
 k - a potion of curing {unknown}
 n - a potion of heal wounds {unknown}
Comestibles
 c - 2 bread rations
 f - 2 chunks of flesh
 j - 2 meat rations
 m - a fruit
 p - a slice of pizza


   Skills:
 - Level 3.2 Fighting
 + Level 5.1 Maces & Flails
 - Level 2.4 Dodging
 - Level 2.1 Stealth


You had 3 spell levels left.
You didn't know any spells.

Dungeon Overview and Level Annotations

Branches:
Dungeon (3/15)

Altars:


Innate Abilities, Weirdness & Mutations

You are resistant to torment.
Your stone body is resilient. (AC +3)
You are immune to poison.
You resist negative energy. (rN+)
You are resistant to electric shocks. (rElec)
You can survive without breathing.
You are immune to petrification.
You are immune to rotting.


Message History

The orc priest hits you but does no damage.
You closely miss the orc priest.
The orc priest is lightly wounded.
The kobold closely misses you. The orc barely misses you.
The orc priest closely misses you. The orc closely misses you.
You hit the orc priest. You freeze the orc priest.
The orc priest is moderately wounded.
The kobold barely misses you. The orc priest completely misses you.
The orc hits you with a hand axe. The orc hits you but does no damage.
It was a potion of agility.
You feel agile all of a sudden. The kobold barely misses you.
The orc priest hits you with a whip. The orc completely misses you.
The orc barely misses you.
You hit the orc priest but do no damage.
The orc priest is moderately wounded.
The kobold hits you but does no damage.
The orc priest invokes the aid of Beogh against you.
Beogh smites you!
Ouch! That really hurt!
You die...

###.##..............
###..#.............
....#.#.........#
#....#.........###.
####.......%.....r...
...........o#r#
#....<.##w#o#
##...o..##o#o#
#...K....##.@o#
#.#......###K.## .
#####.#(.)...##.#
#............
###...........
#....(.#....
.............
###......#....
#......#....


You could see an orc priest, a dart slug, 4 orcs, a kobold and a rat.

Vanquished Creatures
  2 adders (D:2)
  3 worms (D:2)
  A dart slug (D:1)
  3 leopard geckos
  2 orcs
  2 giant cockroaches (D:1)
  6 goblins
  5 hobgoblins
  2 jackals (D:2)
  A ball python (D:2)
  6 bats
  3 frilled lizards
  13 kobolds
  3 rats
52 creatures vanquished.

Notes
Turn   | Place    | Note
-------+----------+-------------------------------------------
     0 | D:1      | Lochraine the Gargoyle Monk began the quest for the Orb.
     0 | D:1      | Reached XP level 1. HP: 14/14 MP: 1/1
   137 | D:1      | Reached XP level 2. HP: 19/19 MP: 2/2
   491 | D:1      | Reached skill level 4 in Maces & Flails
   553 | D:1      | Reached XP level 3. HP: 23/23 MP: 3/3
   877 | D:2      | Reached XP level 4. HP: 21/28 MP: 4/4
  1248 | D:2      | Reached skill level 5 in Maces & Flails
  1639 | D:3      | Killed from afar by an orc priest

Skill      XL: |  1  2  3  4 |
---------------+-------------+-----
Maces & Flails | 4 5 |  5.1
Fighting       | |  3.2
Dodging        | |  2.4
Stealth        | |  2.1

Action                   |  1- 3 |  4- 6 || total
-------------------------+-------+-------++-------
Melee: Mace              |    55 |       ||    55
       Whip              |    53 |    64 ||   117
  Use: Potion            |       |     1 ||     1
 Stab: Sleeping          |     4 |     2 ||     6
  Eat: Chunk             |       |     2 ||     2
Armor: Robe              |     8 |       ||     8
       Leather armour    |    27 |    12 ||    39
Dodge: Dodged            |    71 |    37 ||   108
